 Dungeon Crawl Stone Soup version 0.22.1-2-g9c5b331 (webtiles) character file.

196058 whitewolfNL the Warrior (level 17, -1/163 HPs)
             Began as a Minotaur Berserker on Dec 4, 2018.
             Was the Champion of Trog.
             Slain by a jumping spider (9 damage)
             ... on level 1 of the Spider Nest on Dec 5, 2018.
             The game lasted 05:25:09 (40927 turns).

whitewolfNL the Warrior (Minotaur Berserker)       Turns: 40927, Time: 05:25:11

Health: -1/163     AC: 38    Str: 25    XL:     17   Next: 73%
Magic:  13/13      EV: 15    Int: 16    God:    Trog [******]
Gold:   914        SH:  2    Dex: 14    Spells: 16/16 levels left

rFire    . . .     SeeInvis .   B - +7 spear "Mococas" {drain, rC++ MP-9 Str+2 Dex+4}
rCold    + + .     Gourm    .   (no shield)
rNeg     . . .     Faith    .   f - +12 plate armour of Makhleb's Hope {rCorr Int+8 Dex-5}
rPois    +         Spirit   .   U - +0 hat {Int+3}
rElec    .         Reflect  +   p - +0 cloak {MR+}
rCorr    +         Harm     .   R - +2 pair of gloves
MR       +++..                  i - +2 pair of boots
Stlth    ..........             d - +2 amulet of reflection
HPRegen  0.37/turn              G - ring of Intercession {rCorr MR+ Slay+3}
MPRegen  0.13/turn              Y - ring of poison resistance

@: studying Fighting
A: retaliatory headbutt, horns 2
}: 1/15 runes: decaying
a: Berserk, Trog's Hand, Brothers in Arms, Renounce Religion


You were on level 1 of the Spider Nest.
You worshipped Trog.
Trog was exalted by your worship.
You were not hungry.

You visited 5 branches of the dungeon, and saw 28 of its levels.

You collected 2530 gold pieces.
You spent 1616 gold pieces at shops.

Inventory:

Hand Weapons
 a - the +2 hunting sling "Zarghac" {venom, rElec rC++ Int+3 Dex-2}
   (You found it on level 2 of the Lair of Beasts)

   It poisons the ammo it fires.
   It affects your intelligence (+3).
   It affects your dexterity (-2).
   It greatly protects you from cold.
   It insulates you from electricity.
 b - a +5 antimagic halberd
 w - a +2 war axe of flaming
 B - the +7 spear "Mococas" (weapon) {drain, rC++ MP-9 Str+2 Dex+4}
   (You found it on level 6 of the Dungeon)

   A truly terrible weapon, it drains the life of those it strikes.
   It affects your strength (+2).
   It affects your dexterity (+4).
   It greatly protects you from cold.
   It affects your magic capacity (-9).
 K - a +1 hand crossbow of flaming
 S - a +5 longbow
Missiles
 g - 631 arrows
 l - 135 sling bullets
 q - 6 tomahawks of dispersal (quivered)
 z - 201 bolts
Armour
 f - the +12 plate armour of Makhleb's Hope (worn) {rCorr Int+8 Dex-5}
   (You bought it in a shop on level 2 of the Orcish Mines)

   It affects your intelligence (+8).
   It affects your dexterity (-5).
   It provides partial protection from all sources of acid and corrosion.
 i - a +2 pair of boots (worn)
 p - a +0 cloak of magic resistance (worn)
 O - a +1 shield of reflection
 R - a +2 pair of gloves (worn)
 U - a +0 hat of intelligence (worn)
Jewellery
 d - a +2 amulet of reflection (around neck)
 k - an uncursed ring of positive energy
 n - an uncursed ring of flight
 t - the ring of Midsummer {Fire +Fly}
   (You found it on level 6 of the Lair of Beasts)

   [ring of fire]

   It enhances your fire magic.
   It protects you from fire.
   It makes you vulnerable to cold.
   It lets you fly.
 G - the ring of Intercession (left hand) {rCorr MR+ Slay+3}
   (You found it on level 7 of the Dungeon)

   [ring of resist corrosion]

   It affects your accuracy and damage with ranged weapons and melee attacks
   (+3).
   It affects your resistance to hostile enchantments.
 Y - a ring of poison resistance (right hand)
Wands
 x - a wand of flame (36)
 E - a wand of acid (9)
 I - a wand of iceblast (17)
 P - a wand of digging (6)
 T - a wand of clouds (4)
 Z - a wand of polymorph (22)
Scrolls
 r - 2 scrolls of teleportation
 u - 17 scrolls of remove curse
 v - 3 scrolls of magic mapping
 A - a scroll of fog
 L - a scroll of summoning
Potions
 e - 2 potions of agility {unknown}
 h - a potion of haste
 m - 3 potions of cancellation
 o - 6 potions of curing
 F - 3 potions of ambrosia
 J - 2 potions of mutation {unknown}
 M - 3 potions of invisibility
 V - a potion of resistance {unknown}
 X - 3 potions of flight
Books
 N - a manual of Fighting
Miscellaneous
 j - a fan of gales (inert)
 Q - a lightning rod (4/4)
Comestibles
 c - 12 rations
 s - 3 chunks of flesh


   Skills:
 * Level 17.7 Fighting
   Level 1.1 Long Blades
 - Level 2.0(12.2) Axes
   Level 7.8(8.0) Maces & Flails
 * Level 16.5 Polearms
 * Level 11.7 Bows
 + Level 1.6 Crossbows
 - Level 0.3 Throwing
 + Level 16.8 Armour
 * Level 13.0 Dodging
 - Level 4.0 Stealth
 * Level 11.0 Shields
 * Level 8.9 Evocations


You had 16 spell levels left.
You didn't know any spells.
Your spell library was empty.

Dungeon Overview and Level Annotations

Branches:
Dungeon (15/15)            Temple (0/1) D:6            Lair (6/6) D:9
  Swamp (4/4) Lair:2       Spider (1/4) Lair:3        Slime (0/5) Lair:6
    Orc (2/2) D:11            Elf (0/3) Orc:2        Vaults (0/5) D:14
 Depths (0/5) D:15

Altars:
Ashenzari
Dithmenos
Elyvilon
Uskayaw
Xom
Beogh

Shops:
D:6 [   D:14 %   D:15 =   Orc:1 *   Orc:2 [(*[

Portals:
Trove: D:10 (give 6 scrolls of blinking)


Innate Abilities, Weirdness & Mutations

You reflexively headbutt those who attack you in melee.
You have a pair of horns on your head.


Message History

There is a crawl-hole back to the Lair, spattered with blood here.
The jumping spider seems to regain its courage.
The wolf spider hits you!!
* * * LOW HITPOINT WARNING * * *
The wolf spider bites you.
* * * LOW HITPOINT WARNING * * *
The jumping spider barely misses you.
The jumping spider bites you but does no damage.
The jumping spider rages.
The wolf spider hits you!
* * * LOW HITPOINT WARNING * * *
The wolf spider bites you but does no damage.
The jumping spider barely misses you. You block the jumping spider's attack.
The jumping spider barely misses you. You furiously retaliate!
You headbutt the jumping spider! The jumping spider barely misses you.
The wolf spider hits you but does no damage.
The wolf spider bites you but does no damage.
The jumping spider pounces on you but does no damage.
The jumping spider bites you!
You die...

#..>#..##
##....ยง..#
#.....####
####..#.##
#.......#
#......^#
##..##### #...#.##
#. #[s@#..#... # #
###sss...... #..#.
#.#ys.......
......#......##...
#...((....##..# .#
#^.(...##..####
####... #### ##..
...


You could see a wolf spider (berserk), a moth of wrath and 4 jumping spiders.

Vanquished Creatures
  Saint Roka (Orc:2)
  Rupert (Lair:5)
  2 tentacled monstrosities
  Gastronok (Lair:1)
  Agnes (D:14)
  2 thorn hunters
  A fire giant (D:15)
  Louise (Swamp:3)
  The ghost of RadicalHijinx the Thaumaturge, a journeyman GnSk of Okawaru (D:15)
  5 very ugly things
  Azrael (Orc:2)
  6 dire elephants (Lair:6)
  2 green deaths (Swamp:4)
  Josephine (Orc:2)
  A yaktaur captain (D:15)
  A vault guard (D:14)
  Fannar (Lair:3)
  An ice dragon (D:14)
  Harold (D:8)
  5 centaur warriors
  A ghost crab (Swamp:4)
  2 catoblepae (D:12)
  Erica (Lair:1)
  A two-headed ogre (shapeshifter) (D:14)
  A death knight (D:15)
  18 hydras
  An anaconda (Lair:6)
  5 two-headed ogres
  2 tengu warriors
  18 alligators
  6 death yaks (Lair:6)
  4 orc high priests (Orc:2)
  Urug (Lair:3)
  The ghost of Tramtrist the Unseen, a journeyman FeBe of Trog (D:13)
  Sonja (D:12)
  4 unseen horrors
  4 spriggan druids
  4 lindwurms (Lair:3)
  7 swamp dragons
  A spectral wolf spider (D:13)
  4 orc knights (Orc:2)
  4 shambling mangroves
  3 manticores
  6 oklob plants
  2 wolf spider zombies
  3 orc sorcerers (Orc:2)
  20 ugly things
  4 deep elf magi
  3 cyclopes
  A moth of wrath (Spider:1)
  A spectral centaur (D:13)
  22 elephants
  2 centaur zombies
  Maurice (Orc:1)
  2 torpor snails
  4 black mambas
  A gargoyle (D:14)
  2 orange demons (Swamp:4)
  19 spiny frogs
  3 kobold demonologists
  2 rime drakes
  7 komodo dragons
  An efreet (D:15)
  A spectral harpy (D:13)
  A polar bear (Lair:3)
  A jumping spider (Lair:3)
  8 bog bodies
  10 trolls
  14 hornets
  7 hippogriffs
  3 dream sheep (Lair:5)
  27 blink frogs
  11 tyrant leeches
  30 slime creatures
  2 centaur simulacra
  Sigmund (D:2)
  A vampire (D:13)
  7 shadows
  10 spriggans
  7 wraiths
  3 redbacks (Lair:3)
  35 yaks
  A fire bat (shapeshifter) (D:14)
  2 fire elementals (Orc:2)
  2 hungry ghosts (D:14)
  Grum (Lair:1)
  4 basilisks
  A redback simulacrum (D:13)
  2 steam dragons
  14 vampire mosquitoes
  7 wargs
  21 swamp worms
  3 insubstantial wisps (Swamp:1)
  17 water moccasins
  A porcupine (Lair:5)
  4 swamp drakes
  2 acid dragons (D:14)
  5 hell hounds (Orc:2)
  38 orc warriors
  2 ice beasts
  3 sky beasts
  A black bear (D:11)
  A necrophage (D:5)
  11 wolves
  A wolf (shapeshifter) (D:15)
  11 centaurs
  13 ogres
  17 crocodiles
  5 big kobolds
  20 bullfrogs
  A wyvern zombie (D:14)
  3 gnoll sergeants
  4 scorpions
  A water moccasin zombie (D:10)
  6 killer bees
  9 wights
  5 howler monkeys
  A crimson imp (D:7)
  A jelly (D:10)
  9 hounds
  11 orc wizards
  2 quasits
  31 orc priests
  A centaur skeleton (D:4)
  Ijyb (D:5)
  2 iguanas
  4 hell rats (Lair:4)
  10 worker ants
  A hound zombie (D:7)
  A hound skeleton (D:11)
  15 gnolls
  A howler monkey skeleton (D:6)
  12 adders
  3 shadow imps
  An ooze (D:5)
  4 worms
  3 adder skeletons
  4 dart slugs
  4 leopard geckos
  108 orcs
  2 ball pythons
  11 bats
  7 giant cockroaches
  4 goblins
  11 hobgoblins
  13 jackals
  4 quokkas
  5 frilled lizards
  18 kobolds
  A leopard gecko zombie (D:7)
  5 rats
  A fungus (Lair:6)
  4 plants (Lair:6)
970 creatures vanquished.

Vanquished Creatures (collateral kills)
  A spiny frog (Lair:5)
  A kobold demonologist (D:14)
  A water moccasin (Lair:5)
3 creatures vanquished.

Vanquished Creatures (others)
  Nikola (Swamp:4)
  A troll (Orc:2)
  A swamp worm (Swamp:4)
  2 briar patches (Swamp:4)
  8 fungi
  13 plants
26 creatures vanquished.

Grand Total: 999 creatures vanquished

Notes
Turn   | Place    | Note
-------+----------+-------------------------------------------
     0 | D:1      | whitewolfNL the Minotaur Berserker began the quest for the
                  | Orb.
     0 | D:1      | Reached XP level 1. HP: 19/19 MP: 0/0
   283 | D:1      | Reached XP level 2. HP: 27/27 MP: 1/1
   737 | D:1      | Reached skill level 4 in Fighting
   753 | D:1      | Lost intelligence.
   786 | D:1      | Reached XP level 3. HP: 23/33 MP: 2/2
   961 | D:2      | Reached ** piety under Trog
  1037 | D:2      | Noticed Sigmund
  1043 | D:2      | Killed Sigmund
  1043 | D:2      | Reached skill level 5 in Maces & Flails
  1043 | D:2      | Reached XP level 4. HP: 33/41 MP: 3/3
  1043 | D:2      | Reached XP level 5. HP: 38/47 MP: 4/4
  1359 | D:2      | Found a shadowy altar of Dithmenos.
  2095 | D:3      | Found a hide-covered altar of Uskayaw.
  2561 | D:3      | Reached XP level 6. HP: 53/53 MP: 5/5
  2611 | D:3      | Reached *** piety under Trog
  3559 | D:4      | Reached XP level 7. HP: 60/60 MP: 6/6
  3901 | D:5      | Entered Level 5 of the Dungeon
  3904 | D:5      | Reached skill level 1 in Stealth
  3926 | D:5      | Found an ornate altar of the Wu Jian Council.
  3928 | D:5      | Found an ornate altar of the Wu Jian Council.
  3928 | D:5      | Found a shimmering altar of Xom.
  3930 | D:5      | Found an opulent altar of Gozag.
  3930 | D:5      | Found a sacrificial altar of Ru.
  3930 | D:5      | Found a shimmering altar of Xom.
  4008 | D:5      | Noticed Ijyb
  4015 | D:5      | Killed Ijyb
  4039 | D:5      | Reached skill level 1 in Evocations
  4061 | D:5      | Reached **** piety under Trog
  4147 | D:5      | Reached skill level 1 in Shields
  4586 | D:6      | Reached skill level 5 in Armour
  4671 | D:6      | Reached skill level 5 in Fighting
  4919 | D:6      | Found Remuav's Armour Boutique.
  4956 | D:6      | Found a staircase to the Ecumenical Temple.
  4982 | D:6      | Reached XP level 8. HP: 65/68 MP: 8/8
  5072 | D:6      | Reached skill level 1 in Long Blades
  5148 | D:6      | Found a shadowy altar of Dithmenos.
  5570 | D:6      | Got a smoking spear
  5750 | D:6      | Identified the +7 spear "Mococas" {drain, rC++ MP-9 Str+2
                  | Dex+4} (You found it on level 6 of the Dungeon)
  5913 | D:7      | Reached skill level 1 in Polearms
  5945 | D:7      | Got a translucent lapis lazuli ring
  5948 | D:7      | Identified the ring of Intercession {rCorr MR+ Slay+3} (You
                  | found it on level 7 of the Dungeon)
  6032 | D:7      | Reached skill level 5 in Dodging
  6447 | D:8      | Found a white marble altar of Elyvilon.
  6480 | D:8      | Noticed Harold
  6487 | D:8      | Killed Harold
  6487 | D:8      | Reached XP level 9. HP: 75/75 MP: 1/10
  6796 | D:9      | Reached skill level 5 in Polearms
  6889 | D:9      | Reached skill level 6 in Fighting
  6894 | D:9      | Found a staircase to the Lair.
  7202 | D:9      | Reached XP level 10. HP: 83/83 MP: 2/11
  8015 | Lair:1   | Entered Level 1 of the Lair of Beasts
  8057 | Lair:1   | Found a labyrinth entrance.
  8059 | Lair:1   | Noticed an oklob plant
  8059 | Lair:1   | Noticed an oklob plant
  8074 | Lair:1   | Noticed Grum
  8083 | Lair:1   | Killed Grum
  8155 | Lair:1   | Noticed a spiny frog
  8164 | Lair:1   | Killed a spiny frog
  8164 | Lair:1   | Reached skill level 10 in Armour
  8332 | Lair:1   | Noticed a spiny frog
  8338 | Lair:1   | Killed a spiny frog
  8349 | Lair:1   | Got a transparent quarterstaff
  8357 | Lair:1   | Noticed a spiny frog
  8363 | Lair:1   | Killed a spiny frog
  8363 | Lair:1   | Reached skill level 7 in Fighting
  8368 | Lair:1   | Reached XP level 11. HP: 92/92 MP: 4/13
  8403 | Lair:1   | Noticed Gastronok
  8404 | Lair:1   | Noticed Erica
  8426 | Lair:1   | Killed Erica
  8440 | Lair:1   | HP: 3/92 [Gastronok/the air (5)]
  8450 | Lair:1   | HP: 3/92 [poisoned by Erica (bolt of poison)]
  8456 | Lair:1   | HP: 3/92 [poisoned by Erica (bolt of poison)]
  9033 | Lair:1   | Reached ***** piety under Trog
  9224 | Lair:1   | Killed Gastronok
  9224 | Lair:1   | Reached skill level 10 in Polearms
  9580 | Lair:1   | Noticed an oklob plant
  9586 | Lair:1   | Noticed an oklob plant
  9906 | Lair:1   | Killed an oklob plant
  9914 | Lair:1   | Killed an oklob plant
  9915 | Lair:1   | Killed an oklob plant
  9915 | Lair:1   | Reached skill level 8 in Fighting
  9915 | Lair:1   | Reached skill level 5 in Evocations
 10045 | Lair:1   | Killed an oklob plant
 10158 | Lair:2   | Noticed a seven-headed hydra
 10165 | Lair:2   | Killed a four-headed hydra
 10317 | Lair:2   | Found a staircase to the Swamp.
 10585 | Lair:2   | Got a transparent hunting sling
 10870 | Lair:2   | Reached skill level 1 in Axes
 10870 | Lair:2   | Reached XP level 12. HP: 103/103 MP: 6/15
 11124 | Lair:3   | Noticed Urug
 11133 | Lair:3   | Killed Urug
 11149 | Lair:3   | Identified the cursed +2 hunting sling "Zarghac" {venom,
                  | rElec rC++ Int+3 Dex-2} (You found it on level 2 of the
                  | Lair of Beasts)
 11195 | Lair:3   | Noticed Fannar
 11210 | Lair:3   | Killed Fannar
 11260 | Lair:3   | Noticed a five-headed hydra
 11269 | Lair:3   | Killed a one-headed hydra
 11269 | Lair:3   | Reached skill level 9 in Fighting
 11390 | Lair:3   | Reached skill level 1 in Bows
 11453 | Lair:3   | Found a hole to the Spider Nest.
 12129 | Lair:4   | Noticed a seven-headed hydra
 12138 | Lair:4   | Killed a five-headed hydra
 12476 | Lair:4   | Reached skill level 10 in Fighting
 12613 | Lair:4   | Reached skill level 5 in Bows
 12627 | Lair:4   | Reached XP level 13. HP: 105/113 MP: 7/16
 13508 | Lair:5   | Received a gift from Trog
 13629 | Lair:5   | Noticed Rupert
 13666 | Lair:5   | Killed Rupert
 14130 | Lair:5   | Reached skill level 11 in Fighting
 14999 | Lair:6   | Entered Level 6 of the Lair of Beasts
 15680 | Lair:6   | Reached skill level 12 in Fighting
 15767 | Lair:6   | Found a staircase to the Slime Pits.
 16291 | Lair:6   | Noticed a dire elephant
 16291 | Lair:6   | Noticed a dire elephant
 16310 | Lair:6   | Killed a dire elephant
 16310 | Lair:6   | Reached skill level 10 in Dodging
 16315 | Lair:6   | Killed a dire elephant
 16354 | Lair:6   | Noticed a dire elephant
 16362 | Lair:6   | Killed a dire elephant
 16362 | Lair:6   | Reached XP level 14. HP: 126/126 MP: 8/17
 16409 | Lair:6   | Got a shimmering amber ring
 16419 | Lair:6   | Identified the ring of Midsummer {Fire +Fly} (You found it
                  | on level 6 of the Lair of Beasts)
 16448 | Lair:6   | Received a gift from Trog
 19232 | D:10     | Entered Level 10 of the Dungeon
 19384 | D:10     | Found a shattered altar of Ashenzari.
 19481 | D:10     | Reached skill level 15 in Armour
 19591 | D:10     | Received a gift from Trog
 19658 | D:10     | Found a portal to a secret trove of treasure.
 20569 | D:11     | Found a staircase to the Orcish Mines.
 20968 | D:12     | Noticed Sonja
 20986 | D:12     | Killed Sonja
 21828 | D:12     | Reached skill level 13 in Fighting
 22261 | D:13     | Received a gift from Trog
 22393 | D:13     | Found a flagged portal.
 22754 | D:13     | Found a runed gate.
 22755 | D:13     | Found a runed gate.
 22756 | D:13     | Found a runed gate.
 22760 | D:13     | Noticed Tramtrist's ghost (journeyman FeBe)
 22800 | D:13     | Killed Tramtrist's ghost
 23258 | D:14     | Noticed Agnes
 23266 | D:14     | Killed Agnes
 23266 | D:14     | Reached XP level 15. HP: 136/136 MP: 10/19
 23275 | D:14     | Reached skill level 5 in Shields
 23526 | D:14     | Reached ****** piety under Trog
 23622 | D:14     | Received a gift from Trog
 23945 | D:14     | Found a gate to the Vaults.
 24090 | D:14     | Found Denil's Food Boutique.
 24824 | Orc:1    | Entered Level 1 of the Orcish Mines
 24824 | Orc:1    | Found Qiezast's General Store.
 24824 | Orc:1    | Noticed Maurice
 24830 | Orc:1    | Killed Maurice
 24846 | Orc:1    | Bought 3 scrolls of remove curse for 126 gold pieces
 25005 | Orc:2    | Entered Level 2 of the Orcish Mines
 25005 | Orc:2    | Noticed Josephine
 25011 | Orc:2    | Received a gift from Trog
 25020 | Orc:2    | Killed Josephine
 25297 | Orc:2    | Received a gift from Trog
 25388 | Orc:2    | Received a gift from Trog
 25438 | Orc:2    | Found a roughly hewn altar of Beogh.
 25631 | Orc:2    | Found Pugg's Antique Weapon Emporium.
 25667 | Orc:2    | Found Soes's Armour Shoppe.
 25705 | Orc:2    | Bought the +12 plate armour of Makhleb's Hope {rCorr Int+8
                  | Dex-5} for 1215 gold pieces
 25839 | Orc:2    | Received a gift from Trog
 25940 | Orc:2    | Noticed Saint Roka
 26528 | Orc:2    | Noticed Azrael
 26539 | Orc:2    | Killed Azrael
 26735 | Orc:2    | Found a roughly hewn altar of Beogh.
 27256 | Orc:2    | Killed Saint Roka
 27256 | Orc:2    | Reached skill level 14 in Fighting
 27562 | Orc:2    | Reached skill level 15 in Polearms
 27624 | Orc:2    | Found Eson's Antique Armour Emporium.
 27747 | Orc:2    | Bought a pair of glowing gloves for 195 gold pieces
 27902 | Orc:2    | Found Ycraoxul's General Store.
 27936 | Orc:2    | Bought a potion of invisibility for 80 gold pieces
 28027 | Orc:2    | Received a gift from Trog
 28101 | Orc:2    | Found a staircase to the Elven Halls.
 28843 | Orc:1    | You fall through a shaft!
 29014 | D:15     | Entered Level 15 of the Dungeon
 29043 | D:15     | Received a gift from Trog
 29140 | D:15     | Found a staircase to the Depths.
 29140 | D:15     | Noticed a fire giant
 29260 | D:15     | Found a runed gate.
 29260 | D:15     | Found a runed gate.
 29262 | D:15     | Found a runed gate.
 29263 | D:15     | Noticed RadicalHijinx's ghost (journeyman GnSk)
 29331 | D:15     | Received a gift from Trog
 29352 | D:15     | Reached XP level 16. HP: 135/147 MP: 12/21
 29700 | D:15     | Found Dieczeun's Jewellery Boutique.
 30557 | D:15     | Killed RadicalHijinx's ghost
 31697 | Swamp:1  | Entered Level 1 of the Swamp
 31919 | Swamp:1  | Reached skill level 1 in Crossbows
 32386 | Swamp:1  | Reached skill level 15 in Fighting
 32517 | Swamp:1  | Noticed a thorn hunter
 32530 | Swamp:1  | Killed a thorn hunter
 32983 | Swamp:1  | Paralysed by a hornet for 1 turns
 33721 | Swamp:2  | Received a gift from Trog
 34986 | Swamp:3  | Reached skill level 16 in Fighting
 35249 | Swamp:3  | Reached skill level 10 in Shields
 35326 | Swamp:3  | Noticed a tentacled monstrosity
 35397 | Swamp:3  | Received a gift from Trog
 36157 | Swamp:3  | Noticed Louise
 36169 | Swamp:3  | Received a gift from Trog
 36409 | Swamp:3  | Reached skill level 10 in Bows
 36689 | Swamp:3  | Reached XP level 17. HP: 159/159 MP: 22/22
 36780 | Swamp:3  | Killed Louise
 37057 | Swamp:3  | Killed a tentacled monstrosity
 37289 | Swamp:4  | Entered Level 4 of the Swamp
 37389 | Swamp:4  | Got an iridescent short sword
 37658 | Swamp:3  | Identified the +9 short sword of Yredelemnul's Envy
                  | {freeze, rN+} (You found it on level 4 of the Swamp)
 37734 | Swamp:4  | Reached skill level 17 in Fighting
 37792 | Swamp:4  | Noticed Nikola
 37829 | Swamp:4  | Killed Nikola
 38498 | Swamp:4  | Noticed a tentacled monstrosity
 39030 | Swamp:4  | Received a gift from Trog
 39199 | Swamp:4  | Killed a tentacled monstrosity
 39733 | Swamp:4  | Got a decaying rune of Zot
 40859 | Spider:1 | Entered Level 1 of the Spider Nest
 40927 | Spider:1 | HP: 8/163 [wolf spider (8)]
 40927 | Spider:1 | Slain by a jumping spider

Skill      XL: |  1  2  3  4  5  6  7  8  9 10 11 12 13 14 15 16 17 |
---------------+----------------------------------------------------+-----
Maces & Flails | 4 5 6 7 |  7.8
Fighting       | 4 5 6 7 8 10 12 13 14 16 17 | 17.7
Armour         | 3 4 5 8 9 10 12 13 14 15 16 | 16.8
Dodging        | 3 4 5 6 7 8 10 11 12 13 | 13.0
Stealth        | 1 3 4 |  4.0
Evocations     | 1 2 3 4 5 6 7 8 |  8.9
Shields        | 1 3 4 8 10 11 | 11.0
Long Blades    | 1 |  1.1
Polearms       | 3 5 8 11 12 13 14 15 16 | 16.5
Axes           | 1 2 |  2.0
Bows           | 5 7 10 11 | 11.7
Crossbows      | 1 |  1.6
Throwing       | |  0.3

Action                   |  1- 3 |  4- 6 |  7- 9 | 10-12 | 13-15 | 16-18 || total
-------------------------+-------+-------+-------+-------+-------+-------++-------
Melee: Mace              |    49 |   102 |       |       |       |       ||   151
       Headbutt          |     8 |    23 |    46 |   121 |   434 |   167 ||   799
       Flail             |       |    42 |   104 |       |       |       ||   146
       Spear             |       |       |   108 |   327 |  1158 |   505 ||  2098
       Hand axe          |       |       |       |    27 |    72 |       ||    99
       Halberd           |       |       |       |       |    99 |     7 ||   106
       War axe           |       |       |       |       |       |   102 ||   102
       Hand crossbow     |       |       |       |       |       |     1 ||     1
 Fire: Longbow           |       |       |       |    46 |    46 |   502 ||   594
       Hand crossbow     |       |       |       |       |       |    37 ||    37
Throw: Throwing net      |       |       |       |     6 |     6 |     3 ||    15
       Javelin           |       |       |       |       |     4 |       ||     4
       Tomahawk          |       |       |       |       |     2 |       ||     2
Invok: Berserk           |     3 |     6 |    13 |    19 |    60 |    22 ||   123
 Abil: Evoke Flight      |       |       |     1 |       |     2 |     1 ||     4
Evoke: Wand              |       |       |       |    19 |    34 |    23 ||    76
       Fan of gales      |       |       |       |       |     1 |     2 ||     3
  Use: Potion            |       |     4 |       |     2 |     8 |     2 ||    16
       Scroll            |       |     3 |     4 |     6 |    32 |    14 ||    59
 Stab: Held in net/web   |       |       |       |     3 |       |       ||     3
       Petrifying        |       |       |       |       |     2 |       ||     2
       Paralysed         |       |       |       |       |     1 |       ||     1
  Eat: Chunk             |     3 |    10 |    17 |    24 |    57 |    18 ||   129
       Ration            |       |     1 |     2 |     3 |    15 |    13 ||    34
Armor: Animal skin       |    17 |       |       |       |       |       ||    17
       Ring mail         |       |    43 |       |       |       |       ||    43
       Chain mail        |       |    35 |    11 |       |       |       ||    46
       Plate armour      |       |       |    92 |   118 |   608 |   737 ||  1555
Dodge: Dodged            |    51 |   123 |    91 |   158 |   582 |   516 ||  1521
Block: Buckler           |       |       |    41 |    57 |   127 |       ||   225
       Shield            |       |       |       |       |   282 |   218 ||   500
       Reflection        |       |       |       |       |    24 |     6 ||    30
       Other             |       |       |       |       |     8 |    37 ||    45
